 Dungeon Crawl Stone Soup version 0.23-a0-269-g65e0026 (webtiles) character file.

5055 Amnesiac the Geomancer (level 10, -10/69 HPs)
             Began as a Ghoul Earth Elementalist on Sept 30, 2018.
             Was a Priest of Vehumet.
             Mangled by a yak (18 damage)
             ... on level 9 of the Dungeon.
             The game lasted 00:19:22 (9183 turns).

Amnesiac the Geomancer (Ghoul Earth Elementalist)   Turns: 9183, Time: 00:19:23

Health: -10/69     AC:  9    Str: 13    XL:     10   Next: 56%
Magic:  3/18       EV: 11    Int: 22    God:    Vehumet [***...]
Gold:   238        SH:  0    Dex:  9    Spells: 6/21 levels left

rFire    . . .     SeeInvis .   a - +4 mace of Ufod {venom, rC+ rN+}
rCold    + + .     Gourm    .   (no shield)
rNeg     + + +     Faith    .   t - +0 troll leather armour
rPois    ∞         Spirit   .   w - +0 helmet
rElec    .         Reflect  .   k - +0 cloak
rCorr    .         Harm     +   r - +2 pair of gloves
MR       .....                  (no boots)
Stlth    +.........             n - amulet of harm
HPRegen  0.00/turn              o - +4 ring of intelligence
MPRegen  0.16/turn              g - +5 ring of intelligence

@: rotting
A: rotting body, claws 1, carnivore, cold resistance 1, negative energy
resistance 3, inhibited regeneration, torment resistance, unbreathing
a: Renounce Religion


You were on level 9 of the Dungeon.
You worshipped Vehumet.
Vehumet was most pleased with you.
You were not hungry.

You visited 2 branches of the dungeon, and saw 10 of its levels.
You also visited: Sewer.

You collected 691 gold pieces.
You spent 453 gold pieces at shops.

Inventory:

Hand Weapons
 a - the +4 mace of Ufod (weapon) {venom, rC+ rN+}
   (You took it off an orc on level 9 of the Dungeon)

   It poisons the flesh of those it strikes.
   It protects you from cold.
   It protects you from negative energy.
Missiles
 b - 150 stones (quivered)
Armour
 k - a +0 cloak (worn)
 r - a +2 pair of gloves (worn)
 t - a +0 troll leather armour (worn)
 w - a +0 helmet (worn)
Jewellery
 g - a +5 ring of intelligence (right hand)
 n - an amulet of harm (around neck)
 o - a +4 ring of intelligence (left hand)
 u - an uncursed ring of flight
 v - an uncursed ring of wizardry
 B - an uncursed ring of protection from fire
Wands
 c - a wand of random effects (24)
 s - a wand of iceblast (31)
 x - a wand of polymorph (11)
 D - a wand of acid (6)
Scrolls
 m - a scroll of enchant weapon {!r}
 p - 2 scrolls of enchant armour {!r}
 y - 2 scrolls of teleportation {!r}
 E - a scroll of torment {!r}
Potions
 e - 2 potions of curing {!q}
 f - 5 potions of heal wounds {!q}
 i - a potion of lignification {!q}
 j - 2 potions of brilliance {!q}
 q - a potion of cancellation {!q}
 A - 2 potions of flight {!q}
Comestibles
 d - 18 rations
 l - 16 chunks of flesh


   Skills:
 - Level 1.7 Dodging
 - Level 2.1 Stealth
 - Level 6.1 Spellcasting
 - Level 0.8 Transmutations
 + Level 14.5 Earth Magic


You had 6 spell levels left.
You knew the following spells:

 Your Spells              Type           Power        Failure   Level  Hunger
a - Sandblast             Erth           ######       1%          1    None
b - Passwall              Tmut/Erth      #####...     1%          2    None
c - Stone Arrow           Conj/Erth      #####.       1%          3    #......
d - Lee's Rapid Deconstr  Erth           ######....   1%          5    #####..
e - Petrify               Tmut/Erth      #####...     4%          4    ###....

Your spell library contained the following spells:

 Spells                   Type           Power        Failure   Level  Hunger
 Dazzling Spray           Conj/Hex       #.....       10%         3    #......
 Flame Tongue             Conj/Fire      #....        3%          1    None
 Throw Flame              Conj/Fire      #.....       4%          2    None
 Conjure Flame            Conj/Fire      #.......     10%         3    #......
 Inner Flame              Hex/Fire       #.......     10%         3    #......
 Sticky Flame             Conj/Fire      #.......     28%         4    ###....
 Fireball                 Conj/Fire      #.........   58%         5    #####..


Dungeon Overview and Level Annotations

Branches:
Dungeon (9/15)             Temple (1/1) D:5            Lair (0/6) D:8
    Orc: D:9-12

Altars:
Ashenzari
Cheibriados
Dithmenos
Elyvilon
Fedhas
Gozag
Hepliaklqana
Kikubaaqudgha
Makhleb
Nemelex Xobeh
Okawaru
Qazlal
Sif Muna
Trog
Uskayaw
Vehumet
Wu Jian
Xom
Yredelemnul
Zin
The Shining One

Shops:
D:4 !=

Annotations:
D:8 exclusion: oklob plant


Innate Abilities, Weirdness & Mutations

Your body is rotting away.
You thrive on raw meat.
You are immune to poison.
You have sharp fingernails.
You are carnivorous and can eat meat at any time.
Your flesh is cold resistant. (rC+)
You are immune to negative energy. (rN+++)
You do not regenerate when monsters are visible.
You are immune to unholy pain and torment.
You can survive without breathing.


Message History

The yak bellows!
Things that are here:
6 chunks of flesh; a yak skeleton; a yak corpse Eat one of 21 chunks of flesh? (ye/n/q)
You eat one of the 21 chunks of flesh.
This raw flesh tastes great!
The yak bellows!
You hear a bellow!
An orc comes into view. It is wielding a mace.
l - 26 chunks of flesh (gained 6)
Casting: Lee's Rapid Deconstruction (safe; 1% risk of failure)
Confirm with . or Enter, or press ? or * to list all spells.
Aiming: Lee's Rapid Deconstruction (safe; 1% risk of failure)
Press: ? - help, Dir - move target cursor A rock wall.
Okay, then.
Casting: Lee's Rapid Deconstruction (safe; 1% risk of failure)
Confirm with . or Enter, or press ? or * to list all spells.
Aiming: Lee's Rapid Deconstruction (safe; 1% risk of failure)
Press: ? - help, Dir - move target cursor A rock wall.
The wall shatters!
The blast of rock fragments hits the yak.
The yak is moderately wounded.
The blast of rock fragments hits the yak.
The yak is heavily wounded.
You hear a shout! x2
The yak closely misses you.
You barely miss the yak.
The yak is moderately wounded.
The yak closely misses you.
You hit the yak.
The yak is poisoned.
The yak is severely wounded.
The yak gores you but does no damage.
You barely miss the yak.
The yak is severely wounded.
An orc comes into view. It is wielding a hand axe.
The yak barely misses you. The yak gores you.
Some of the chunks of flesh in your inventory have rotted away.
The orc shouts!
The orc barely misses you.
You closely miss the yak.
The yak is severely wounded.
The orc hits you but does no damage. The yak gores you.
The yak barely misses you. The yak closely misses you.
You hit the yak but do no damage.
The yak looks even sicker.
The yak is almost dead.
The yak gores you! The orc closely misses you.
The yak gores you but does no damage. The yak gores you.
The yak barely misses you. The orc barely misses you.
You barely miss the yak.
The yak is almost dead.
The yak completely misses you. The yak gores you but does no damage.
The yak closely misses you. The orc hits you but does no damage.
You closely miss the yak.
The yak is almost dead.
The yak gores you but does no damage. The yak gores you!
* * * LOW HITPOINT WARNING * * *
The yak gores you.
* * * LOW HITPOINT WARNING * * *
The orc hits you with a hand axe.
* * * LOW HITPOINT WARNING * * *
The yak gores you.
* * * LOW HITPOINT WARNING * * *
The yak gores you!
You die...

######## #......#
#......# #......#
#....Y.# #...oY@#
##...Yo# #.....#
#...### ##
.......#...# ...
#.......+...# ....
#.......#..÷# .....
#.......#...#......
........#...'......


You could see 3 yaks and 2 orcs.

Vanquished Creatures
  The ghost of coffeespoons the Grappler, a novice TrMo of Cheibriados (D:7)
  A troll (D:9)
  A hornet (D:7)
  Sigmund (D:2)
  A spriggan (D:7)
  A wyvern (D:7)
  2 yaks (D:9)
  3 orc warriors
  A black bear (D:8)
  2 phantoms
  3 ogres
  2 eyes of draining
  2 centaurs
  2 big kobolds
  4 bullfrogs
  4 scorpions
  9 killer bees
  A jelly (D:9)
  A howler monkey (D:3)
  A quasit (D:7)
  2 bullfrog skeletons
  Crazy Yiuf (D:2)
  2 hounds
  2 orc priests (D:9)
  7 orc wizards
  A centaur skeleton (D:7)
  4 iguanas
  10 worker ants
  A killer bee zombie (D:7)
  10 adders
  A howler monkey skeleton (D:4)
  3 shadow imps
  2 oozes
  An adder skeleton (D:8)
  2 worms
  4 dart slugs
  8 leopard geckos
  16 orcs
  5 ball pythons
  5 giant cockroaches
  4 goblins
  8 hobgoblins
  10 jackals
  3 quokkas
  5 bats
  4 frilled lizards
  16 kobolds
  21 rats
  A fungus (D:2)
202 creatures vanquished.

Vanquished Creatures (others)
  4 fungi (D:8)
4 creatures vanquished.

Grand Total: 206 creatures vanquished

Notes
Turn   | Place    | Note
-------+----------+-------------------------------------------
     0 | D:1      | Amnesiac the Ghoul Earth Elementalist began the quest for
                  | the Orb.
     0 | D:1      | Reached XP level 1. HP: 14/14 MP: 2/2
    97 | D:1      | Reached XP level 2. HP: 14/20 MP: 2/4
   101 | D:1      | Learned a level 2 spell: Passwall
   421 | D:1      | Reached skill level 4 in Earth Magic
   652 | D:1      | Reached XP level 3. HP: 26/26 MP: 1/5
  1016 | D:4      | Noticed a fire elemental
  1018 | D:4      | Found a stormy altar of Qazlal.
  1019 | D:4      | Noticed an earth elemental
  1019 | D:4      | Noticed an air elemental
  1019 | D:4      | Noticed a water elemental
  1091 | D:3      | Reached XP level 4. HP: 27/32 MP: 2/6
  1101 | D:3      | Learned a level 4 spell: Petrify
  1146 | D:4      | Found a basalt altar of Yredelemnul.
  1163 | D:4      | Reached skill level 5 in Earth Magic
  1208 | D:4      | Found Xacw's Jewellery Emporium.
  1273 | D:4      | Noticed a phantom
  1299 | D:4      | Killed a phantom
  1299 | D:4      | Reached XP level 5. HP: 34/38 MP: 0/8
  1360 | D:4      | Reached skill level 6 in Earth Magic
  1426 | D:4      | Reached XP level 6. HP: 41/45 MP: 2/9
  1591 | D:4      | Found Pyqexzef's Distillery.
  2024 | D:5      | Entered Level 5 of the Dungeon
  2098 | D:5      | Found a staircase to the Ecumenical Temple.
  2114 | Temple   | Entered the Ecumenical Temple
  2182 | Temple   | Became a worshipper of Vehumet
  2453 | D:3      | Reached skill level 7 in Earth Magic
  3268 | D:2      | Noticed Sigmund
  3278 | D:2      | Killed Sigmund
  3278 | D:2      | Reached XP level 7. HP: 40/50 MP: 7/12
  3496 | D:2      | Learned a level 5 spell: Lee's Rapid Deconstruction
  3704 | D:2      | Found a runed door.
  3708 | D:2      | Noticed Crazy Yiuf
  3710 | D:2      | Killed Crazy Yiuf
  4065 | D:3      | Reached skill level 8 in Earth Magic
  4587 | D:5      | Found a shattered altar of Ashenzari.
  4608 | D:5      | Reached skill level 9 in Earth Magic
  4608 | D:5      | Reached XP level 8. HP: 57/57 MP: 2/13
  5116 | D:6      | Reached * piety under Vehumet
  5116 | D:6      | Offered knowledge of Magic Dart by Vehumet.
  5181 | D:6      | Reached skill level 10 in Earth Magic
  5306 | D:6      | Found a glowing drain.
  5315 | Sewer    | Entered a sewer
  5420 | Sewer    | Found a white marble altar of Elyvilon.
  5519 | D:6      | Found an ornate altar of the Wu Jian Council.
  5520 | D:6      | Found a shattered altar of Ashenzari.
  5520 | D:6      | Found a white marble altar of Elyvilon.
  5564 | D:6      | Found a glowing silver altar of Zin.
  5660 | D:6      | Reached ** piety under Vehumet
  5660 | D:6      | Offered knowledge of Sting by Vehumet.
  5660 | D:6      | Reached skill level 11 in Earth Magic
  5681 | D:6      | Learned a level 3 spell: Stone Arrow
  6207 | D:7      | Reached XP level 9. HP: 61/62 MP: 11/14
  6272 | D:7      | Noticed a hornet
  6290 | D:7      | Reached skill level 12 in Earth Magic
  6403 | D:7      | Killed a hornet
  6403 | D:7      | Reached skill level 5 in Spellcasting
  6428 | D:7      | Got a smoking ring mail
  6439 | D:7      | Identified the +2 ring mail of Ru's Wrath {rF- rN++ Str+5}
                  | (You found it on level 7 of the Dungeon)
  7219 | D:4      | Bought a +5 ring of intelligence for 453 gold pieces
  7471 | D:8      | Noticed an oklob plant
  7639 | D:8      | Found a runed gate.
  7639 | D:8      | Found a runed gate.
  7639 | D:8      | Found a runed gate.
  7639 | D:8      | Noticed coffeespoons's ghost (novice TrMo)
  7758 | D:7      | Killed coffeespoons's ghost
  7758 | D:7      | Reached skill level 13 in Earth Magic
  7758 | D:7      | Reached XP level 10. HP: 69/69 MP: 2/18
  8177 | D:8      | Offered knowledge of Ignite Poison by Vehumet.
  8325 | D:8      | Found a staircase to the Lair.
  8757 | D:8      | Found a glowing golden altar of the Shining One.
  8947 | D:9      | Found a shadowy altar of Dithmenos.
  8954 | D:9      | Noticed a two-headed ogre
  8960 | D:9      | Reached skill level 14 in Earth Magic
  8961 | D:9      | Reached *** piety under Vehumet
  9049 | D:9      | Got a crystal mace {venom}
  9079 | D:9      | Identified the +4 mace of Ufod {venom, rC+ rN+} (You took
                  | it off an orc on level 9 of the Dungeon)
  9158 | D:9      | Offered knowledge of Dazzling Spray by Vehumet.
  9183 | D:9      | Mangled by a yak

Vault maps used:
D:1:      minmay_arrival_semitransparent
D:2:      uniq_sigmund, uniq_crazy_yiuf_cottage
D:4:      kennysheep_big_flooded_room, nicolae_overflow_hidden_temple,
          nicolae_qazlal_style_of_elements, serial_shops,
          nicolae_shop_behind_doors, nicolae_shop_crystal, first_ration
D:5:      minmay_temple_entry_hall, serial_bayou_ford_a, evilmike_ruin_ashenzari
D:6:      chequers_temple_overflow_statue_of_worship, portal_sewer_entry_e,
          kennysheep_generic_room_12
D:7:      the_bakery
D:8:      lair_entry_dummy, ebering_ghost_rock_garden, minmay_door_square,
          minmay_gold_behind_fungi, kennysheep_crisscross, lemuel_oklob_altar
D:9:      orc_david_3, nicolae_dithmenos_shadow_blocks
Temple:   nicolae_temple_elliptical
Sewer:    sewer_kobolds

Skill      XL: |  1  2  3  4  5  6  7  8  9 10 |
---------------+-------------------------------+-----
Spellcasting   | 2 3 4 6 |  6.1
Earth Magic    | 4 5 6 7 9 11 13 14 | 14.5
Dodging        | |  1.7
Stealth        | |  2.1
Transmutations | |  0.8

Action                   |  1- 3 |  4- 6 |  7- 9 | 10-12 || total
-------------------------+-------+-------+-------+-------++-------
Melee: Unarmed           |   115 |   215 |    56 |       ||   386
       Quarterstaff      |       |       |   124 |    15 ||   139
       Mace              |       |       |       |    13 ||    13
 Cast: Sandblast         |    17 |    43 |    50 |    24 ||   134
       Lee's Rapid Decon |       |       |    19 |    15 ||    34
       Petrify           |       |       |     1 |     6 ||     7
Evoke: Wand              |       |       |     2 |       ||     2
  Use: Scroll            |     4 |     2 |     6 |     3 ||    15
       Potion            |       |     3 |     3 |       ||     6
 Stab: Sleeping          |     1 |       |       |       ||     1
       Paralysed         |       |       |     1 |       ||     1
  Eat: Chunk             |     6 |    12 |    29 |    10 ||    57
Armor: Robe              |     9 |       |       |       ||     9
       Ring mail         |    25 |   159 |    92 |    14 ||   290
       Troll leather arm |       |       |       |    15 ||    15
Dodge: Dodged            |    62 |   166 |   103 |    46 ||   377

Table legend:
 A = Non-vault XP
 B = Vault XP
 C = Vault XP percentage of total XP
 D = Non-vault monster count
 E = Vault monster count
 F = Vault count percentage of total count
                 A         B        C        D         E       F
            +---------+---------+-------+---------+---------+-------
      Total |    5704 |    1518 |  21.0 |     178 |      23 |  11.4
            +---------+---------+-------+---------+---------+-------
        D:1 |      42 |       0 |   0.0 |      25 |       0 |   0.0
        D:2 |      53 |     272 |  83.7 |      19 |       2 |   9.5
        D:3 |     292 |       0 |   0.0 |      23 |       0 |   0.0
        D:4 |     425 |       0 |   0.0 |      16 |       0 |   0.0
        D:5 |     224 |       0 |   0.0 |       8 |       0 |   0.0
        D:6 |     704 |      14 |   1.9 |      20 |       8 |  28.6
        D:7 |    1398 |    1122 |  44.5 |      21 |       2 |   8.7
        D:8 |     999 |       0 |   0.0 |      22 |       0 |   0.0
        D:9 |    1565 |       0 |   0.0 |      23 |       0 |   0.0
     Temple |       2 |       0 |   0.0 |       1 |       0 |   0.0
      Sewer |       0 |     110 | 100.0 |       0 |      11 | 100.0
            +---------+---------+-------+---------+---------+-------
